 Dungeon Crawl Stone Soup version 0.30-a0-39-g42789b21ef (webtiles) character file.

Game seed: 537537813992888728

442 lesbiats the Ruffian (level 6, 0/61 HPs)
             Began as a Troll Gladiator on Aug 28, 2022.
             Killed from afar by a gnoll (12 damage)
             ... with a bolt of light
             ... on level 4 of the Dungeon.
             The game lasted 00:13:02 (3916 turns).

lesbiats the Ruffian (Troll Gladiator)              Turns: 3916, Time: 00:13:03

Health: 0/61       AC:  0    Str: 25    XL:     6   Next: 71%
Magic:  5/5        EV: 29    Int:  4    God:
Gold:   228        SH:  0    Dex: 11    Spells: 5/5 levels left

rFire   . . .      SeeInvis .      - Unarmed
rCold   . . .      Faith    .    (shield currently unavailable)
rNeg    . . .      Spirit   .    (body armour currently unavailable)
rPois   .          Reflect  .    (helmet currently unavailable)
rElec   .          Harm     .    (cloak currently unavailable)
rCorr   .          Rampage  .    (gloves unavailable)
Will    .....                    (boots unavailable)
Stlth   +.........               p - amulet of the acrobat
HPRegen 1.00/turn                (ring currently unavailable)
MPRegen 0.09/turn                (ring currently unavailable)

@: pig-form, acrobatic, very quick
A: fast, no casting, small, unfitting armour, (claws 3), regeneration 1, (shaggy
fur 1), (tough skin 1)
a: no special abilities


You were on level 4 of the Dungeon.
You were a filthy swine.
You visited 1 branch of the dungeon, and saw 4 of its levels.

You collected 228 gold pieces.

Inventory:

Missiles
 c - 3 throwing nets
 d - a large rock
 o - 11 stones (quivered)
Armour
 a - a +0 robe (melded)
 b - a +0 hat (melded)
Magical Staves
 k - a staff of conjuration
Jewellery
 f - a ring of willpower (melded)
 p - an amulet of the acrobat (around neck)
 r - a ring of resist corrosion
 w - a ring of protection from cold (melded)
Wands
 x - a wand of light (3)
Scrolls
 e - 3 scrolls of identify
 g - 2 scrolls of fog {unknown}
 h - 3 scrolls of enchant weapon
 l - a scroll of vulnerability {unknown}
 n - a scroll of noise {unknown}
 s - a scroll of amnesia {unknown}
 t - a scroll of immolation {unknown}
 u - 2 scrolls of teleportation {unknown}
 v - a scroll of magic mapping {unknown}
Potions
 i - a potion of haste
 j - 2 potions of invisibility {unknown}
 m - a potion of lignification {unknown}
 q - 2 potions of flight {unknown}
 z - a potion of curing {unknown}


   Skills:
 + Level 3.2 Fighting
 + Level 3.5 Throwing
 - Level 2.4 Dodging
 * Level 5.8 Unarmed Combat


You had 5 spell levels left.
You didn't know any spells.
Your spell library contained the following spells:

 Spells                   Type           Power      Damage    Failure   Level
 Alistair's Intoxication  Tmut/Pois      0%         N/A       100%        5
 Borgnjor's Vile Clutch   Necr/Erth      0%         N/A       100%        5
 Eringya's Noxious Bog    Tmut/Pois      0%         N/A       100%        6


Dungeon Overview and Level Annotations

Branches:
Dungeon (4/15)
 Temple: D:4-7

Altars:
Ashenzari
Vehumet

Annotations:
D:4 1 transporter, gregwegmann's ghost, amateur MfSu


Innate Abilities, Weirdness & Mutations

You are a filthy swine.
You move quickly.
Your equipment is almost entirely melded.
You are incapable of wielding weapons or throwing items.
You cannot cast spells.
You are too large for most types of armour.
((You have claws for hands.))
Your natural rate of healing is unusually fast.
((You are covered in fur. (AC +1)))
((You have tough skin. (AC +1)))


Message History

The gnoll hits you from afar with a +0 spear.
You closely miss the gnoll. You claw the gnoll.
The gnoll is severely wounded.
The gnoll hits you with a +0 flail. The gnoll barely misses you.
You scratch the gnoll.
The gnoll is almost dead.
The gnoll hits you with a +0 flail!
The gnoll hits you from afar with a +0 spear.
You closely miss the gnoll.
The gnoll is almost dead.
The gnoll hits you with a +0 flail! The gnoll barely misses you.
You scratch the gnoll but do no damage.
The gnoll is almost dead.
The gnoll closely misses you.
The gnoll hits you from afar with a +0 spear!
You closely miss the gnoll.
The gnoll is almost dead.
The gnoll hits you with a +0 flail! The gnoll closely misses you.
You barely miss the gnoll.
The gnoll is almost dead.
The gnoll barely misses you. The gnoll hits you but does no damage.
You claw the gnoll!
You kill the gnoll!
The gnoll completely misses you.
The gnoll zaps a wand.
You resist with almost no effort.
The gnoll zaps a wand.
The bolt of light hits you!
* * * LOW HITPOINT WARNING * * *
As you read the scroll labelled VAT OSUDAXOMPEUM, it crumbles to dust.
It is a scroll of identify.
h - 3 scrolls of enchant weapon The gnoll zaps a wand.
You turn into a filthy swine.
Your +0 hat melds into your body.
Your +0 robe melds into your body.
Your ring of protection from cold melds into your body.
Your ring of willpower melds into your body.
The gnoll zaps a wand.
The bolt of light hits you!
* * * LOW HITPOINT WARNING * * *
There is an open translucent door here.
Gregwegmann's ghost turns its malevolent gaze towards you.
The gnoll zaps a wand.
The bolt of light hits you!
You die...

....†.# #.≈≈≈≈≈≈≈≈~≈≈≈≈≈≈≈≈..#
####..# ##.≈≈≈≈≈≈≈≈~≈≈≈≈≈≈≈≈..##
......###..≈≈####.....####≈≈...#
.#...###...≈≈#..#8###8#..#≈≈...#
.#.#.......≈≈#..###.###..#≈≈...#
.#.#.###.#.≈≈#...........#≈≈.#.#
.#.#.# #...≈≈###.##'##.###≈≈.#.#
.#.#.# ###.≈≈..#.#...#.#..≈≈...#
.#.#.# ###.≈≈.##h#⌠.⌠#.##.≈≈.###
.#.#.###...≈≈.#..#...#..#.≈≈.#
....#....#.≈≈.##.##.##.##.≈≈.#
##.#.#.###.....#.#..)#.#..≈≈.#
##.#.#.# #....©#.gg©.'.#©.~~.####
.#.#.#.# #[....#.#8⌠8#.#..≈≈....#
.....#.###.≈≈.##.#####.##.≈≈.##.#
.#.###.....≈≈.#..# #gg#.≈≈.##[#
##.....###.≈≈.##W# #.##.≈≈..#.#


You could see a gnoll.

Vanquished Creatures
  2 black bears (D:4)
  A scorpion (D:4)
  A hound (D:4)
  4 gnolls
  4 adders
  2 dart slugs
  12 orcs
  3 bats
  3 endoplasms
  5 giant cockroaches
  4 goblins
  10 hobgoblins
  4 jackals (D:4)
  13 kobolds
  2 quokkas
  8 ball pythons
  5 frilled lizards
  5 rats
88 creatures vanquished.

Vanquished Creatures (others)
  19 plants
19 creatures vanquished.

Grand Total: 107 creatures vanquished

Notes
Turn   | Place    | Note
-------+----------+-------------------------------------------
     0 | D:1      | lesbiats the Troll Gladiator began the quest for the Orb.
     0 | D:1      | Reached XP level 1. HP: 19/19 MP: 0/0
   196 | D:1      | Reached XP level 2. HP: 28/28 MP: 1/1
   682 | D:1      | Reached XP level 3. HP: 35/35 MP: 2/2
  1539 | D:2      | Reached skill level 4 in Unarmed Combat
  1581 | D:2      | Reached XP level 4. HP: 42/42 MP: 3/3
  2009 | D:2      | Found a faded altar of an unknown god.
  2480 | D:3      | Found a radiant altar of Vehumet.
  3122 | D:4      | Noticed a black bear
  3132 | D:4      | Noticed a scorpion
  3146 | D:4      | Killed a scorpion
  3147 | D:4      | Reached XP level 5. HP: 44/50 MP: 4/4
  3273 | D:4      | Found a broken altar of Ashenzari.
  3349 | D:4      | Noticed a black bear
  3357 | D:4      | Killed a black bear
  3358 | D:4      | Reached skill level 5 in Unarmed Combat
  3358 | D:4      | Reached XP level 6. HP: 51/59 MP: 5/5
  3457 | D:4      | Identified the +9 halberd of Aliesuc {venom, Fragile rPois
                  | rF+ Dex+5}
  3532 | D:4      | Found a transporter.
  3697 | D:4      | Found a transporter.
  3743 | D:4      | Noticed gregwegmann's ghost (amateur MfSu)
  3916 | D:4      | Killed from afar by a gnoll

Illustrated notes

Levels and vault maps discovered:
D:1:      evilmike_arrival_rings, layout_basic, kennysheep_flooded_box
D:2:      minmay_door_path, layout_basic, chequers_ecumenical_altar_lobes
D:3:      layout_loops_corners, nicolae_vehumet_radiance,
          lexackson_kobold_supper
D:4:      layout_loops_ring, mainiacjoe_overflow_brackets,
          gammafunk_ghost_gnarly_gnolls

Skill      XL: |  1  2  3  4  5  6 |
---------------+-------------------+-----
Throwing       | 2 3 |  3.5
Fighting       | 2 3 |  3.2
Unarmed Combat | 4 5 |  5.8
Dodging        | |  2.4

Action                   |  1- 3 |  4- 6 || total
-------------------------+-------+-------++-------
Melee: Unarmed           |    84 |   132 ||   216
       Punch             |       |     4 ||     4
Throw: Stone             |    15 |     4 ||    19
       Large rock        |       |     2 ||     2
  Use: Scroll            |       |     1 ||     1
 Stab: Sleeping          |     1 |     1 ||     2
Armor: Robe              |    21 |    28 ||    49
Dodge: Dodged            |    45 |    76 ||   121

Table legend: (Time is in decaauts)
 A = Elapsed time spent in this place.
 B = Non-inter-level travel time spent in this place.
 C = Inter-level travel time spent in this place.
 D = Time resting spent in this place.
 E = Time spent auto-exploring this place.
 F = Levels seen in this place.
 G = Mean time per level.
                   A        B        C        D        E       F      G
               +--------+--------+--------+--------+--------+-----+--------+
         Total |   3895 |   3684 |    211 |    253 |   2785 |   4 |  973.8 |
       Dungeon |   3895 |   3684 |    211 |    253 |   2785 |   4 |  973.8 |
               +--------+--------+--------+--------+--------+-----+--------+

Top non-repeatable levels by time:
     D:1: 1219 daAuts
     D:3: 948 daAuts
     D:2: 930 daAuts
     D:4: 796 daAuts
